 Dungeon Crawl Stone Soup version 0.31.0-10-gcf4a605ca0 (webtiles) character file.

Game seed: 7116483747361812425

1 Arcadio the Changeling (level 1, -2/15 HPs)
             Began as a Merfolk Shapeshifter on Jan 25, 2024.
             Killed from afar by a dart slug (3 damage)
             ... with a slug dart
             ... on level 1 of the Dungeon.
             The game lasted 00:00:19 (81 turns).

Arcadio the Changeling (Merfolk Shapeshifter)         Turns: 81, Time: 00:00:19

Health: -2/15      AC:  2    Str: 14    XL:     1   Next: 20%
Magic:  1/1        EV: 12    Int:  9    God:
Gold:   15         SH:  0    Dex: 13    Spells: 0/0 levels left

rFire   . .          .
                       - Unarmed
rCold   . . .        (no shield)
rNeg    . . .        a - +0 animal skin
rPois   .            (helmet currently unavailable)
rElec   .            (cloak currently unavailable)
rCorr   .            (gloves currently unavailable)
SInv    .            (boots currently unavailable)
Will    .....        (no amulet)
Stlth   +            (no ring)
HPRegen 0.22/turn    (no ring)
MPRegen 0.07/turn

%: no passive effects
@: beast-form
A: beast (slay +2), (nimble swimmer 2), mertail
a: Begin Untransformation


You were on level 1 of the Dungeon.
You were a hulking beast.
You visited 1 branch of the dungeon, and saw 1 of its levels.

You collected 15 gold pieces.

Inventory:

Armour
 a - a +0 animal skin (worn)
Talismans
 c - a beast talisman
 d - a flux talisman
Scrolls
 f - a scroll of revelation {unknown}
Potions
 b - a potion of lignification
 e - a potion of resistance {unknown}
 g - a potion of attraction {unknown}


   Skills:
 + Level 1.1 Fighting
 + Level 2.7 Dodging
 + Level 3.3 Unarmed Combat
 - Level 4.0 Shapeshifting


You couldn't memorise any spells.
You didn't know any spells.
Your spell library was empty.

Dungeon Overview and Level Annotations

Branches:
Dungeon (1/15)

Altars:


Innate Abilities, Weirdness & Mutations

You are a hulking beast.
Your limbs bulge with bestial killing power. (Slay +2)
((You are very nimble when in or above water. (Stealth+, EV+, Speed+++)))
Your lower body shifts to a powerful aquatic tail in water.


Message History

Your legs become a tail as you enter the water.
You now have 15 gold pieces.
Your legs become a tail as you enter the water.
f - a scroll labelled RAURIA WESI Your legs become a tail as you enter the water.
g - an orange potion A rat comes into view.
The rat squeaks loudly.
You hear an angry hiss.
The rat moves out of view.
A frilled lizard comes into view.
The rat bites you.
You closely miss the rat. The rat bites you.
You punch the rat!
You kill the rat!
The frilled lizard bites you.
You punch the frilled lizard!
You kill the frilled lizard!
HP restored.
You see here a +0 plate armour.
A hobgoblin and a dart slug come into view.
A kobold comes into view. It is wielding a +0 club.
The dart slug launches a dart at you. The slug dart hits you.
The kobold shouts!
The dart slug launches a dart at you. The slug dart hits you.
You hit the dart slug.
The dart slug is severely wounded.
The kobold hits you with a +0 club. The dart slug bites you.
You miss the kobold. The kobold hits you with a +0 club.
* * * LOW HITPOINT WARNING * * *
You closely miss the kobold. The kobold closely misses you.
The dart slug closely misses you.
You hit the kobold.
The kobold is severely wounded.
The kobold hits you with a +0 club.
* * * LOW HITPOINT WARNING * * *
The dart slug launches a dart at you. The slug dart hits you.
You die...

####+######
#.........#
#.........#
##.##
#.........#
.....g
+.........#
#....
#.........#
#....
#...w.....#
....##!.hK.....#
#...#.........#
#..#.........#
#...##########
#.#.## #....###
#......#
.....#..#.##
..######....####


You could see a dart slug and a kobold.

Vanquished Creatures
  A frilled lizard (D:1)
  A rat (D:1)
2 creatures vanquished.

Notes
Turn   | Place    | Note
-------+----------+-------------------------------------------
     0 | D:1      | Arcadio the Merfolk Shapeshifter began the quest for the
                  | Orb.
     0 | D:1      | Reached XP level 1. HP: 15/15 MP: 1/1
    81 | D:1      | Killed from afar by a dart slug

Illustrated notes

Levels and vault maps discovered:
D:1:      onia_arrival_pyramid, layout_basic, hellmonk_ecumenical_altar_lost_god

Action                     || total
---------------------------++-------
  Melee: Unarmed           ||     7
 Armour: Animal skin       ||    10
  Dodge: Dodged            ||     2
